 Dungeon Crawl Stone Soup version 0.30.1-4-g462c640d31 (webtiles) character file.

Game seed: 11776394336034102

234 MrPagan1517 the Chopper (level 6, -1/55 HPs)
             Began as a Hill Orc Fighter on Sept 2, 2023.
             Succumbed to an adder's poison
             ... on level 3 of the Dungeon.
             The game lasted 00:07:36 (2319 turns).

MrPagan1517 the Chopper (Hill Orc Fighter)          Turns: 2319, Time: 00:07:37

Health: -1/55      AC:  4    Str: 21    XL:     6   Next: 5%
Magic:  6/6        EV:  8    Int: 14    God:
Gold:   121        SH:  4    Dex: 10    Spells: 5/5 levels left

rFire   . . .        a - +1 war axe
rCold   . . .        c - +0 buckler
rNeg    . . .        m - +0 chain mail
rPois   .            (no helmet)
rElec   .            r - +0 cloak
rCorr   .            (no gloves)
SInv    .            o - +1 pair of boots
Will    .....        (no amulet) Stlth
                     i - +6 ring of intelligence
HPRegen 0.29/turn    (no ring)
MPRegen 0.10/turn

%: no passive effects
@: lethally poisoned (-1 -> -6), corroded
A: no striking features
a: no special abilities


You were on level 3 of the Dungeon.
You visited 1 branch of the dungeon, and saw 3 of its levels.

You collected 121 gold pieces.

Inventory:

Hand Weapons
 a - a +1 war axe (weapon)
 q - a +1 mace of draining
Armour
 b - a +0 scale mail
 c - a +0 buckler (worn)
 m - a +0 chain mail (worn)
 o - a +1 pair of boots (worn)
 r - a +0 cloak (worn)
 u - a +0 ring mail of fire resistance
Jewellery
 i - a +6 ring of intelligence (left hand)
Wands
 n - a wand of polymorph (6)
Scrolls
 p - a scroll of fog
Potions
 d - 2 potions of might
 e - a potion of brilliance {unknown}
 f - a potion of lignification {unknown}
 g - 3 potions of haste {unknown}
 h - a potion of invisibility {unknown}
 j - a potion of degeneration {unknown}
 k - a potion of attraction {unknown}
 l - 3 potions of flight {unknown}
 s - 3 potions of heal wounds
 v - a potion of curing {unknown}


   Skills:
 + Level 4.9 Fighting
 + Level 5.5 Axes
 + Level 4.0 Armour
 + Level 1.1 Dodging
 + Level 0.1 Stealth
 + Level 3.9 Shields


You had 5 spell levels left.
You didn't know any spells.
Your spell library contained the following spells:

 Spells                   Type           Power      Damage    Failure   Level
 Sandblast                Erth           0%         2d4       94%         1
 Passwall                 Tmut/Erth      0%         N/A       98%         2
 Stone Arrow              Conj/Erth      0%         3d7       100%        3


Dungeon Overview and Level Annotations

Branches:
Dungeon (3/15)

Altars:
Sif Muna


Message History

The hobgoblin hits you but does no damage.
The goblin hits you with a +0 club. The hobgoblin closely misses you.
The goblin hits you with a +0 club.
You barely miss the worm.
The worm is moderately wounded.
You hit the goblin.
You kill the goblin!
You completely miss the hobgoblin. You closely miss the adder.
The adder bites you. The worm bites you. The adder bites you.
You are poisoned.
The adder poisons you!
The hobgoblin hits you but does no damage.
You slash the worm!
The worm is almost dead.
You hit the adder but do no damage. You barely miss the hobgoblin.
You feel very sick. The adder bites you. The hobgoblin hits you.
The worm bites you.
A worm comes into view.
You block the adder's attack.
Unknown command.
You are too injured to fight recklessly!
You are too injured to fight recklessly!
You hit the adder but do no damage. You hit the hobgoblin but do no damage.
You hit the worm.
You feel sick.
The hobgoblin hits you but does no damage.
The adder bites you.
You are more poisoned.
The adder poisons you! The worm bites you!
* * * LOW HITPOINT WARNING * * *
You hit the adder.
The adder is lightly wounded.
You barely miss the hobgoblin. You hit the worm but do no damage.
You feel sick. The adder bites you but does no damage. The hobgoblin hits you.
* * * LOW HITPOINT WARNING * * *
You block the adder's attack. The hobgoblin hits you.
* * * LOW HITPOINT WARNING * * *
You hit the adder but do no damage. You hit the hobgoblin.
You kill the hobgoblin!
You barely miss the worm.
You die...

..§§......###
.§§≈§≈≈≈....#
≈§§§§≈.§.##.# #
≈§§....8.##.## ..
≈≈≈≈§≈...##..########...
.≈≈§§≈≈≈..#..#........w.
..§..................#
#######...###...)†...###
##### #...@w......
#....S......
##.......... ###..###...
##..# .. #.# # .# ..


You could see 2 worms and an adder.

Vanquished Creatures
  A jelly (D:3)
  Ijyb (D:3)
  Natasha (thrice) (D:2)
  4 adders
  A dart slug (D:2)
  An orc (D:3)
  9 endoplasms
  A giant cockroach (D:1)
  5 hobgoblins
  2 jackals (D:1)
  2 quokkas
  9 ball pythons
  4 bats
  6 frilled lizards
  10 goblins
  6 kobolds
  6 rats
71 creatures vanquished.

Notes
Turn   | Place    | Note
-------+----------+-------------------------------------------
     0 | D:1      | MrPagan1517 the Hill Orc Fighter began the quest for the
                  | Orb.
     0 | D:1      | Reached XP level 1. HP: 19/19 MP: 1/1
   235 | D:1      | Reached XP level 2. HP: 17/27 MP: 2/2
   364 | D:1      | Reached skill level 3 in Axes
   470 | D:1      | Reached XP level 3. HP: 30/33 MP: 3/3
  1425 | D:2      | Reached XP level 4. HP: 40/41 MP: 4/4
  1587 | D:2      | Noticed Natasha
  1597 | D:2      | Killed Natasha
  1598 | D:2      | Reached skill level 4 in Axes
  1957 | D:2      | Noticed Natasha
  1962 | D:2      | Killed Natasha
  1963 | D:2      | Reached XP level 5. HP: 47/47 MP: 5/5
  2125 | D:2      | Noticed Natasha
  2129 | D:2      | Killed Natasha
  2130 | D:2      | Reached skill level 1 in Dodging
  2143 | D:3      | Noticed Ijyb
  2153 | D:3      | Killed Ijyb
  2154 | D:3      | Reached skill level 5 in Axes
  2257 | D:3      | Found a shimmering blue altar of Sif Muna.
  2299 | D:3      | Reached XP level 6. HP: 46/55 MP: 6/6
  2318 | D:3      | HP: 1/55 [hobgoblin (3)]
  2319 | D:3      | Succumbed to an adder's poison

Illustrated notes

Levels and vault maps discovered:
D:1:      dpeg_arrival_rooms_c, layout_basic, chequers_serial_rivers_micro_c
D:2:      minmay_razor_zed, layout_loops_ring, minmay_statues_item, uniq_natasha
D:3:      layout_basic, mainiacjoe_overflow_catwalk, basic_ecumenical_altar,
          serial_glass, glass_columns_a, glass_columns_b,
          kennysheep_generic_room_16, uniq_sigmund, uniq_ijyb

Skill      XL: |  1  2  3  4  5 |
---------------+----------------+-----
Axes           | 3 4 5 |  5.5
Fighting       | 4 |  4.9
Dodging        | 1 |  1.1
Armour         | 4 |  4.0
Stealth        | |  0.1
Shields        | |  3.9

Action                     |  1- 3 |  4- 6 || total
---------------------------+-------+-------++-------
  Melee: War axe           |   103 |    85 ||   188
    Use: Scroll            |     2 |     7 ||     9
 Armour: Scale mail        |    45 |    29 ||    74
         Chain mail        |       |    13 ||    13
  Dodge: Dodged            |    33 |    36 ||    69
  Block: Buckler           |    23 |    24 ||    47
